 Dungeon Crawl Stone Soup version 0.26.1-2-gb8aa6d0cf2 (webtiles) character file.

Game seed: 1115131610870638652

56 Amplified the Caller (level 3, -1/29 HPs)
             Began as a Hill Orc Summoner on Mar 4, 2021.
             Succumbed to an adder's poison
             ... on level 2 of the Dungeon.
             The game lasted 00:03:36 (2082 turns).

Amplified the Caller (Hill Orc Summoner)            Turns: 2082, Time: 00:03:36

Health: -1/29      AC:  3    Str: 11    XL:     3   Next: 95%
Magic:  4/5        EV: 12    Int: 15    God:
Gold:   19         SH:  0    Dex: 11    Spells: 4/5 levels left

rFire    . . .     SeeInvis .   i - +1 hunting sling (freeze)
rCold    . . .     Faith    .   (no shield)
rNeg     . . .     Spirit   .   a - +0 robe
rPois    .         Reflect  .   (no helmet)
rElec    .         Harm     .   (no cloak)
rCorr    .         Rampage  .   f - +0 pair of gloves
Will     .....                  (no boots)
Stlth    ++........             (no amulet)
HPRegen  0.09/turn              (no ring)
MPRegen  0.09/turn              (no ring)

@: lethally poisoned (-1 -> -26)
A: no striking features
a: no special abilities


You were on level 2 of the Dungeon.
You visited 1 branch of the dungeon, and saw 3 of its levels.

You collected 19 gold pieces.

Inventory:

Hand Weapons
 b - a +2 short sword
 i - a +1 hunting sling of freezing (weapon)
Missiles
 h - 8 sling bullets (quivered ammo)
Armour
 a - a +0 robe (worn)
 f - a +0 pair of gloves (worn)
Scrolls
 d - a scroll of remove curse


   Skills:
 * Level 2.2 Fighting
 * Level 2.0 Armour
 * Level 2.3 Dodging
 - Level 1.5 Stealth
 - Level 1.5 Spellcasting
 - Level 4.0 Summonings


You had 4 spell levels left.
You knew the following spells:

 Your Spells              Type           Power        Failure   Level
a - Summon Small Mammal   Summ           52%          4%          1

Your spell library contained the following spells:

 Spells                   Type           Power        Failure   Level
 Call Imp                 Summ           13%          7%          2
 Call Canine Familiar     Summ           13%          14%         3
 Summon Guardian Golem    Hex/Summ       7%           30%         3
 Summon Ice Beast         Ice/Summ       7%           71%         4
 Summon Lightning Spire   Summ/Air       7%           71%         4


Dungeon Overview and Level Annotations

Branches:
Dungeon (3/15)

Altars:


Message History

Unknown command.
You aren't carrying any potions.
You are too injured to fight recklessly!
Unknown command.
Unknown command.
Really attack while wielding your +1 hunting sling of freezing?
Okay, then.
Unknown command.
* * * LOW HITPOINT WARNING * * *
You feel sick. The adder bites you.
* * * LOW HITPOINT WARNING * * *
You are more poisoned.
The adder poisons you!
Things that are here:
a sling bullet; a +0 whip You aren't carrying any potions.
Unknown command.
Okay, then.
Okay, then.
You die...

.### ### .#..
!.#.# .#.# #.#.#
.#.# #.#.# .#.#
#.#.#
.#.####.#.########
......?..(....bS>#
.#.####...######(#
O#.# #.....# #@#
.#.# #.....# #.#
.#.# #.....# #.#
.#.# #.....# #(.
.#.####...########
..<.l(O..........
########.#######.
#..............
#.#####l#######


You could see an adder.

Vanquished Creatures
  A gnoll (D:2)
  A leopard gecko (D:1)
  2 ball pythons
  2 bats (D:1)
  3 giant cockroaches (D:1)
  8 goblins
  5 hobgoblins
  A kobold (D:2)
  2 quokkas
  2 frilled lizards (D:1)
  5 rats
32 creatures vanquished.

Vanquished Creatures (collateral kills)
  A leopard gecko (D:1)
  A ball python (D:1)
  A bat (D:1)
  A goblin (D:1)
  3 hobgoblins (D:1)
  A frilled lizard (D:1)
  2 kobolds (D:1)
  A rat (D:1)
11 creatures vanquished.

Grand Total: 43 creatures vanquished

Notes
Turn   | Place    | Note
-------+----------+-------------------------------------------
     0 | D:1      | Amplified the Hill Orc Summoner began the quest for the
                  | Orb.
     0 | D:1      | Reached XP level 1. HP: 14/14 MP: 3/3
   488 | D:1      | Reached XP level 2. HP: 22/22 MP: 2/4
   490 | D:1      | Reached skill level 1 in Fighting
   490 | D:1      | Reached skill level 1 in Armour
   940 | D:1      | Reached XP level 3. HP: 20/28 MP: 3/5
  1535 | D:2      | Noticed an ogre
  2081 | D:2      | HP: 1/29 [adder (1)]
  2082 | D:2      | Succumbed to an adder's poison

Illustrated notes

Levels and vault maps discovered:
D:1:      psy_arrival_radial01, layout_basic, minmay_distorted
D:2:      layout_basic
D:3:      layout_rooms, lightli_temple_of_fire, portal_sewer_entry_e

Skill      XL: |  1  2  3 |
---------------+----------+-----
Fighting       | 1 2 |  2.2
Armour         | 1 2 |  2.0
Dodging        | 2 |  2.3
Stealth        | |  1.5
Spellcasting   | |  1.5
Summonings     | |  4.0

Action                   || total
-------------------------++-------
Melee: Unarmed           ||    11
       Short sword       ||   110
 Fire: Hunting sling     ||    16
 Cast: Summon Small Mamm ||    12
  Use: Scroll            ||     5
       Potion            ||     1
 Stab: Sleeping          ||     5
       Distracted        ||     3
Armor: Robe              ||    38
Dodge: Dodged            ||   108
